 Zot Defence DCSS version 0.16-a0-1157-gec61f8e (webtiles) character file.

32 Kashira the Grave Robber (level 3, -4/13 (24) HPs)
             Began as a Mummy Necromancer on Oct 8, 2014.
             Slain by a worm (6 damage)
             ... in the Realm of Zot (Scenario I: Hall of Zot).
             The game lasted 00:03:08 (333 turns).

Kashira the Grave Robber (Mummy Necromancer)         Turns: 333, Time: 00:03:09

HP:   -4/13 (24)    AC:  2    Str: 11    XL:     3   Next: 8%
MP:   0/6           EV: 12    Int: 15    God:
Gold: 0             SH:  0    Dex: 12    Spells: 2 memorised, 4 levels left

rFire  x . .     SeeInvis .     c - +0 dagger
rCold  + . .     Clarity  .     a - +0 robe
rNeg   + + +     SustAb   .     (no shield)
rPois  +         Gourm    .     (no helmet)
rElec  .         Spirit   .     (no cloak)
rCorr  .         Warding  .     (no gloves)
rMut   .         Stasis   .     (no boots)
MR     .....                    (no amulet)
Stlth  ++........               (no ring)
                                (no ring)

@: not resistant to hostile enchantments, unstealthy
A: no food or potions, fire vulnerability, restore body, cold resistance 1,
negative energy resistance 3, poison resistance, torment resistance, unbreathing
a: Make oklob sapling, Make arrow trap


You were in the Realm of Zot.
You were not hungry.

You visited 1 branch

Inventory:

Hand weapons
 c - a +0 dagger (weapon)
Armour
 a - a +0 robe (worn)
Scrolls
 h - a scroll of blinking
Books
 b - a book of Necromancy

   Spells                             Type                      Level
   *Pain                              Necromancy                   1
   *Animate Skeleton                  Necromancy                   1
   Vampiric Draining                  Necromancy                   3
   Regeneration                       Charms/Necromancy            3
   Animate Dead                       Necromancy                   4
   Control Undead                     Necromancy                   4


   Skills:
 + Level 0.2 Fighting
 + Level 1.7 Dodging
 - Level 1.5 Stealth
 + Level 0.1 Unarmed Combat
 + Level 2.2 Spellcasting
 + Level 4.7 Necromancy


You had 4 spell levels left.
You knew the following spells:

 Your Spells              Type           Power        Failure   Level  Hunger
a - Pain                  Necr           ###.         3%          1    N/A
b - Animate Skeleton      Necr           N/A          3%          1    N/A

Dungeon Overview and Level Annotations

Branches:
    Zot (1/1)

Altars:


Innate Abilities, Weirdness & Mutations

You do not eat or drink.
Your flesh is vulnerable to fire.
Your flesh is cold resistant.
You are immune to negative energy.
Your system is resistant to poisons.
You are immune to unholy pain and torment.
You can survive without breathing.


Message History

Orders for allies: a - Attack new target. r - Retreat! s - Stop attacking. w - Wait here. f - Follow me.
Anything else - Stay silent.
Gang up on whom?
Press: ? - help, Dir - move target cursor, f - worm
Aim: a worm (moderately wounded) Attack!
Your goblin skeleton barely misses the rat.
You hit the rat.
The rat is heavily wounded.
Your goblin skeleton hits the worm.
The rat bites you.
* * * LOW HITPOINT WARNING * * *
A rat comes into view.
Unknown command.
You barely miss the rat.
The rat is heavily wounded.
Your goblin skeleton barely misses the worm.
The worm bites you.
You die...

▓▓▓▓▓▓▓▓ ▓▓▓▓▓▓▓▓ ....▓▓▓▓
▓▓▓▓.... .......▓▓▓ ▓▓▓.......
.........▓▓ ▓▓.........
..........▓ ▓▓▓▓▓▓▓▓▓ ▓..........
..........▓▓▓.......▓▓▓..........
..........▓▓.........▓▓..........
..........▓.....P)....▓..........
..........%...%)@r)g.%...........
.........%▓......w....▓r.........
..........▓▓......Z..▓▓..........
..........▓▓▓.......▓▓▓..........
..........# ▓▓▓▓▓▓▓▓▓ #..........
.........## ##.........
.......### ###....... ....####
####.... ######### #########


You could see a worm, a goblin, 2 rats, a friendly oklob sapling and a friendly
goblin skeleton.

Vanquished Creatures
  An ooze (Zot)
  2 kobolds (Zot)
  2 bats (Zot)
  3 rats (Zot)
8 creatures vanquished.

Vanquished Creatures (collateral kills)
  An ooze (Zot)
  3 ball pythons (Zot)
  2 goblins (Zot)
  3 kobolds (Zot)
  A rat (Zot)
10 creatures vanquished.

Vanquished Creatures (others)
  A bat skeleton (Zot)
  A ball python skeleton (Zot)
  A goblin skeleton (Zot)
  3 kobold skeletons (Zot)
6 creatures vanquished.

Grand Total: 24 creatures vanquished

Notes
Turn   | Place    | Note
--------------------------------------------------------------
     0 | Zot      | Kashira, the Mummy Necromancer, began the quest for the Orb.
     0 | Zot      | Reached XP level 1. HP: 13/13 MP: 3/3
   211 | Zot      | Reached XP level 2. HP: 13/19 MP: 1/4
   238 | Zot      | Learned a level 1 spell: Animate Skeleton
   323 | Zot      | Reached XP level 3. HP: 3/13 MP: 1/6
   333 | Zot      | Slain by a worm

Action                   || total
-------------------------++-------
Melee: Unarmed           ||    12
       Dagger            ||     9
 Cast: Pain              ||     8
       Animate Skeleton  ||     7
 Abil: Make oklob saplin ||     1
